[Event "Late-Titled-Tuesday-Blitz-May-14-2024"]
[Site "Chess.com"]
[Date "2024.05.14"]
[Round "6"]
[White "vugarrasulov"]
[Black "lamomiajunior"]
[Result "1-0"]
[WhiteElo "2967"]
[BlackElo "2783"]
[TimeControl "180+1"]
[EndTime "15:09:05 PDT"]
[Termination "vugarrasulov won by resignation"]

1. a3 e5 2. e4 Nf6 3. Nc3 d5 4. exd5 Nxd5 5. Qh5 Nc6 6. Bb5 Qd6 7. Nf3 Nxc3 8.
dxc3 Be7 9. Qxe5 Bd7 10. Qxd6 Bxd6 11. Be3 O-O-O 12. O-O-O h6 13. h3 Rhe8 14. Rhe1 a6 15. Bc4 f5 16. Bd2 g6 17. Bxh6 f4 18. Bg5 Rxe1 19. Rxe1 Rf8 20. Bd3 Bc5 21. Re2 Bf5 22. Bxf5+ Rxf5 23. h4 b5 24. Nd2 Ne5 25. Ne4 f3 26.
gxf3 Nxf3 27. Nxc5 Rxc5 28. Re8+ Kb7 29. Bf4 Nxh4 30.
Rg8 Rc6 31. Kd2 Nf5 32. Kd3 Re6 33. Rf8 c5 34. b3 c4+ 35. Kd2 cxb3 36. cxb3 Re4 37.
Be3 Re6 38. Rf7+ Kc6 39. Ra7 Kd5 40. Kd3 Ke5 41. c4 bxc4+ 42. bxc4 Rd6+ 43. Kc3 Ke4 44. Bc5 Rc6 45. Kb4 Kf3 46. a4 g5 47. a5 g4 48. Rf7 Ke4 49. Rb7 Kd3 50. Rb6 Nd4 51.
Bxd4 Rxc4+ 52. Kb3 Rxd4 53. Rxa6 Rf4 54. Rg6 Rxf2 55. Rxg4 Rf1 56. Kb4 Rb1+ 57. Kc5 Rc1+ 58. Kb5 Rb1+ 59. Rb4 Rg1 60. a6 Rg5+ 61. Kb6 Rg6+ 62.
Ka5 Rg5+ 63. Rb5 Rg7 64. Rb7 Rg5+ 65. Kb4 Rg4+ 66. Kb3 Rg1 67. a7 Rb1+ 68. Ka2 Rxb7 69.
a8=Q Rb4 70. Qd5+ Rd4 71. Qf3+ Kc4 72. Qb3+ Kc5 73. Qe6 Rd6 74. Qe7 Kd5 75. Kb3 Re6 76. Qf7 Ke5 77. Kc4 Rd6 78. Kc5 Rd3 79. Qg7+ Ke4 80. Kc4 Rd2 81. Qg4+ Ke3 82. Qg5+ Ke2 83. Kc3 Rd3+ 84. Kc2 Rf3 85. Qg2+ Ke3 86. Kc3 Kf4+ 87. Kd4 Rg3 88. Qe4+ Kg5 89. Ke5 Rg4 90. Qf3 Kh4 91. Qf2+ Kh5 92. Qh2+ Kg5 93. Qh7 Rg3 94. Qg7+ Kh4 95. Qh6+ Kg4 96. Ke4 Rg2 97. Qg6+ Kh3 98. Qh5+ Kg3 99. Ke3 Rg1 100. Qg5+ Kh2 101. Qh4+ Kg2 102. Ke2 Rb1 103. Qg5+ Kh1 104. Qh6+ Kg1 105. Qg6+ 1-0

[Event "Late-Titled-Tuesday-Blitz-May-14-2024"]
[Site "Chess.com"]
[Date "2024.05.14"]
[Round "6"]
[White "Kacparov"]
[Black "oskariot"]
[Result "1/2-1/2"]
[WhiteElo "2921"]
[BlackElo "2788"]
[TimeControl "180+1"]
[EndTime "15:09:08 PDT"]
[Termination "Game drawn by 50-move rule"]

1. e4 c5 2. Nf3 e6 3. d4 cxd4 4. Nxd4 Nf6 5. Nc3 d6 6. Bd3 Nc6 7. Nb3 Be7 8. O-O a6 9. a4 b6 10. Be3 Bb7 11. f4 Qc7 12. Qf3 h5 13. Kh1 h4 14. a5 b5 15. Bb6 Qc8 16. Rae1 h3 17. g4 Nb4 18. g5 Nd7 19. Bd4 f6 20. gxf6 gxf6 21. Rg1 Kf7 22. Rg3 Qf8 23. Reg1 Qh6 24. Be3 f5 25. Nd4 Rag8 26. Rxg8 Rxg8 27. Rxg8 Kxg8 28.
Kg1 Qg6+ 29. Kf1 Nxd3 30. cxd3 Nf6 31. exf5 Qg2+ 32. Qxg2+ hxg2+ 33. Kg1 Ng4 34. Nd1 Bf6 35. Nxe6 Bf3 36. h3 Bxd1 37. hxg4 Bxg4 38. Nc7 Bxf5 39. Nxa6 Bxd3 40. b4 Be4 41. Nc7 Bd8 42. Nxb5 Be7 43. a6 Kf7 44. a7 Bc6 45. Nc7 d5 46. b5 Bb7 47. a8=Q Bxa8 48. Nxa8 Ke6 49. b6 Kd7 50. b7 Bd6 51. Ba7 Bxf4 52. b8=Q Bxb8 53. Bxb8 Kc6 54.
Bf4 d4 55. Kxg2 d3 56. Kf2 d2 57. Ke2 d1=Q+ 58. Kxd1 Kd5 59. Ke2 Ke4 60. Be3 Kd5 61. Nb6+ Ke4 62. Nc4 Kd5 63. Kd3 Ke6 64. Ke4 Kf6 65.
Nd6 Ke6 66. Nf5 Kf6 67. Bc5 Ke6 68. Bd6 Kf6 69. Be5+ Ke6 70. Nd4+ Kd7 71. Kd5 Ke7 72. Nc6+ Kd7 73. Bd6 Kc8 74. Ne5 Kb7 75. Kc5 Ka8 76. Kc6 Ka7 77. Nd7 Ka8 78. Nb6+ Ka7 79. Bc7 Ka6 80.
Bb8 Ka5 81. Kc5 Ka6 82. Kc6 Ka5 83. Nd5 Ka4 84. Kc5 Kb3 85. Be5 Kc2 86. Kc4 Kd2 87. Kd4 Ke2 88. Nc3+ Kf3 89. Ne4 Ke2 90. Nc5 Kf3 91.
Kd3 Kf2 92. Bd4+ Kf3 93. Ne6 Kg3 94. Ke4 Kg2 95. Nf4+ Kg3 96. Be3 Kh2 97. Kf3 Kh1 98. Ne2 Kh2 99. Ng3 Kh3 100. Bg1 Kh4 101. Ne4 Kh5 102.
Nd6 Kh4 103. Bh2 Kg5 104. Be5 Kg6 105. Kg4 Kh6 106. Bf6 Kg6 107. Bd4 Kh6 108. Kf5 1/2-1/2

[Event "Late-Titled-Tuesday-Blitz-May-14-2024"]
[Site "Chess.com"]
[Date "2024.05.14"]
[Round "7"]
[White "ural58"]
[Black "ReadySkate"]
[Result "0-1"]
[WhiteElo "2484"]
[BlackElo "2743"]
[TimeControl "180+1"]
[EndTime "15:11:13 PDT"]
[Termination "ReadySkate won by checkmate"]

1. e4 c5 2. b3 d5 3. exd5 Nf6 4.
Bb5+ Bd7 5. Bxd7+ Qxd7 6. c4 e6 7. Bb2 exd5 8. Bxf6 gxf6 9. Nc3 dxc4 10. bxc4 Nc6 11. Nf3 O-O-O 12. O-O Bd6 13. Nd5 Qf5 14. Rb1 Rdg8 15. Rb3 Qh3 16. Ne1 Qxh2# 0-1

[Event "Late-Titled-Tuesday-Blitz-May-14-2024"]
[Site "Chess.com"]
[Date "2024.05.14"]
[Round "7"]
[White "rikchessmx"]
[Black "Fore_Man"]
[Result "1-0"]
[WhiteElo "2441"]
[BlackElo "2235"]
[TimeControl "180+1"]
[EndTime "15:11:18 PDT"]
[Termination "rikchessmx won by checkmate"]

1. e4 e6 2. d4 d5 3. Nc3 Bb4 4. e5 c5 5. a3 Bxc3+ 6. bxc3 Ne7 7. Qg4 Qc7 8. Qxg7 Rg8 9. Qxh7 cxd4 10. Ne2 dxc3 11. f4 Nbc6 12. Qd3 d4 13. Nxd4 Nxd4 14.
Qxd4 Bd7 15. Be3 Nf5 16. Qc5 O-O-O 17. Qxa7 Bc6 18. Bb6 Qe7 19. Qa8+ Kd7 20. Rd1+ Bd5 21. Bb5# 1-0

[Event "Late-Titled-Tuesday-Blitz-May-14-2024"]
[Site "Chess.com"]
[Date "2024.05.14"]
[Round "7"]
[White "Eliwood44"]
[Black "NateSolon"]
[Result "0-1"]
[WhiteElo "2435"]
[BlackElo "2656"]
[TimeControl "180+1"]
[EndTime "15:11:32 PDT"]
[Termination "NateSolon won by resignation"]

1. d4 d5 2. c4 e6 3. Nc3 c5 4. e3 Nc6 5. Nf3 Nf6 6. a3 a6 7. dxc5 Bxc5 8. b4 Ba7 9. cxd5 exd5 10. Bb2 O-O 11. Be2 d4 12. exd4 Nxd4 13. Nxd4 Qxd4 14.
Qxd4 Bxd4 15. Rd1 Be5 16. O-O Be6 17. Bf3 Rac8 18. Ne4 Bxb2 0-1

[Event "Late-Titled-Tuesday-Blitz-May-14-2024"]
[Site "Chess.com"]
[Date "2024.05.14"]
[Round "7"]
[White "only_strong_moves"]
[Black "mouseslips_are_the_best"]
[Result "1-0"]
[WhiteElo "2659"]
[BlackElo "2362"]
[TimeControl "180+1"]
[EndTime "15:11:59 PDT"]
[Termination "only_strong_moves won by checkmate"]

1. e4 e6 2. d4 d5 3. Nc3 a6 4. exd5 exd5 5. Bd3 Nc6 6. Nge2 Bg4 7. O-O Qd7 8. h3 Be6 9. a3 O-O-O 10. b4 Kb8 11. b5 axb5 12. Bxb5 Bd6 13. Rb1 Ka8 14.
Bf4 Nge7 15. Na4 g5 16. Bxd6 Qxd6 17. Nc5 Bc8 18. c3 Rhg8 19. Qa4+ Kb8 20. Na6+ bxa6 21. Bxa6+ Ka8 22. Bb7+ Kb8 23. Qa8# 1-0

[Event "Late-Titled-Tuesday-Blitz-May-14-2024"]
[Site "Chess.com"]
[Date "2024.05.14"]
[Round "7"]
[White "Kildepiotr"]
[Black "slorovel"]
[Result "1-0"]
[WhiteElo "2733"]
[BlackElo "2567"]
[TimeControl "180+1"]
[EndTime "15:12:13 PDT"]
[Termination "Kildepiotr won by resignation"]

1. Nf3 g6 2. g3 Bg7 3. d4 Nf6 4.
Bg2 O-O 5. O-O d6 6. Nbd2 Nc6 7. e4 e5 8. dxe5 dxe5 9. c3 Be6 10. Qe2 h6 11. b4 a6 12. Nc4 Nd7 13. Rd1 Qe7 14.
a4 Kh7 15. Ba3 Bxc4 16. Qxc4 Nb6 17. Qb3 Qe6 18. Qxe6 fxe6 19. b5 axb5 20. Bxf8 Bxf8 21. axb5 1-0

[Event "Late-Titled-Tuesday-Blitz-May-14-2024"]
[Site "Chess.com"]
[Date "2024.05.14"]
[Round "7"]
[White "Squirlolz"]
[Black "NajdorfPlayerc5"]
[Result "0-1"]
[WhiteElo "2556"]
[BlackElo "2415"]
[TimeControl "180+1"]
[EndTime "15:13:00 PDT"]
[Termination "NajdorfPlayerc5 won by checkmate"]

1. Nf3 Nf6 2. g3 b6 3. Bg2 Bb7 4. O-O e6 5. b3 Be7 6. Bb2 O-O 7. c4 d5 8. cxd5 exd5 9. Nd4 c5 10.
Nf5 Nc6 11. e3 Re8 12. Nxe7+ Qxe7 13. Nc3 d4 14. Nd5 Nxd5 15. Bxd5 Rad8 16. Bg2 Ne5 17. e4 Nd3 18. Qc2 Bxe4 19. Bxe4 Qxe4 20. Ba3 Nxf2 21. Qc4 Nh3# 0-1

[Event "Late-Titled-Tuesday-Blitz-May-14-2024"]
[Site "Chess.com"]
[Date "2024.05.14"]
[Round "7"]
[White "Bryanl106"]
[Black "Akhayan"]
[Result "1-0"]
[WhiteElo "2671"]
[BlackElo "2447"]
[TimeControl "180+1"]
[EndTime "15:13:26 PDT"]
[Termination "Bryanl106 won by resignation"]

1. e4 e5 2. Nf3 Nc6 3. Nc3 Nf6 4. a3 Nxe4 5. Nxe4 d5 6. Ng3 e4 7. Ng1 f5 8. Bb5 Bd6 9. d4 O-O 10. f4 exf3 11. Nxf3 f4 12. Ne2 g5 13. O-O g4 14. Bxc6 bxc6 15. Ne5 Ba6 16. Rxf4 Qh4 17. Be3 Rxf4 18. Bxf4 Rf8 19. Qd2 Bxe5 20. dxe5 Bxe2 21. Bg3 Qh5 22. Qxe2 1-0

[Event "Late-Titled-Tuesday-Blitz-May-14-2024"]
[Site "Chess.com"]
[Date "2024.05.14"]
[Round "7"]
[White "RianKapriaga"]
[Black "OIAM03"]
[Result "1-0"]
[WhiteElo "2284"]
[BlackElo "1961"]
[TimeControl "180+1"]
[EndTime "15:13:32 PDT"]
[Termination "RianKapriaga won by resignation"]

1. d4 Nf6 2. c4 g6 3. Nc3 d5 4. cxd5 Nxd5 5. e4 Nxc3 6. bxc3 Bg7 7. Bc4 c5 8. Ne2 cxd4 9. cxd4 Nc6 10. Be3 Qa5+ 11.
Kf1 O-O 12. h4 h5 13. Nf4 b5 14. Bb3 e6 15. d5 e5 16. Nxg6 fxg6 17. dxc6+ Kh7 18.
Rc1 Bg4 19. Qd2 Rad8 20. Qxa5 1-0

[Event "Late-Titled-Tuesday-Blitz-May-14-2024"]
[Site "Chess.com"]
[Date "2024.05.14"]
[Round "7"]
[White "SoCalJuniorChess"]
[Black "s-dshubin"]
[Result "0-1"]
[WhiteElo "2213"]
[BlackElo "2326"]
[TimeControl "180+1"]
[EndTime "15:13:33 PDT"]
[Termination "s-dshubin won by resignation"]

1. d4 d5 2. Nc3 Nf6 3. Bf4 Bf5 4. e3 e6 5. f3 Bd6 6. Bxd6 Qxd6 7. g4 Bg6 8. h4 Qg3+ 9. Ke2 h5 10. g5 Nfd7 11.
Nb5 Na6 12. f4 Be4 13. Rh3 Qxg1 14. Nc3 Bg2 0-1

[Event "Late-Titled-Tuesday-Blitz-May-14-2024"]
[Site "Chess.com"]
[Date "2024.05.14"]
[Round "7"]
[White "giovannibrandao7"]
[Black "guineo59"]
[Result "0-1"]
[WhiteElo "2306"]
[BlackElo "2223"]
[TimeControl "180+1"]
[EndTime "15:13:36 PDT"]
[Termination "guineo59 won by resignation"]

1. e4 e6 2. d4 d5 3. Nd2 Nc6 4. Ngf3 Nf6 5. e5 Nd7 6. c3 f6 7. exf6 Qxf6 8. Bd3 Bd6 9. O-O O-O 10. Qc2 h6 11. b4 a6 12. Re1 e5 13. dxe5 Ndxe5 14.
Be2 Bf5 15. Qb3 Be6 16. Rf1 Rae8 17. Bb2 Bf7 18. Nxe5 Qxe5 0-1

[Event "Late-Titled-Tuesday-Blitz-May-14-2024"]
[Site "Chess.com"]
[Date "2024.05.14"]
[Round "7"]
[White "SahaNeelash"]
[Black "HanSchut"]
[Result "1-0"]
[WhiteElo "2692"]
[BlackElo "2368"]
[TimeControl "180+1"]
[EndTime "15:13:41 PDT"]
[Termination "SahaNeelash won by resignation"]

1. Nf3 Nf6 2. b3 g6 3. Bb2 Bg7 4. e3 O-O 5. Be2 d5 6. O-O c5 7. c4 dxc4 8. bxc4 Nc6 9. Nc3 e5 10. d3 h6 11. Rb1 Bf5 12. e4 Be6 13. a3 b6 14. Nd5 Nd4 15. Nxd4 exd4 16. f4 Qd7 17. h3 Rfe8 18. Bf3 Rac8 19. g4 h5 20. Nxf6+ Bxf6 21. f5 hxg4 22. Bxg4 gxf5 23. exf5 Bg5 24. fxe6 Be3+ 25. Kg2 fxe6 26. Qf3 Rf8 27. Qe4 1-0

[Event "Late-Titled-Tuesday-Blitz-May-14-2024"]
[Site "Chess.com"]
[Date "2024.05.14"]
[Round "7"]
[White "BardArtem"]
[Black "Pitomina"]
[Result "1-0"]
[WhiteElo "2738"]
[BlackElo "2531"]
[TimeControl "180+1"]
[EndTime "15:13:46 PDT"]
[Termination "BardArtem won by resignation"]

1. e4 Nf6 2. e5 Ng8 3. d4 d6 4.
Qh5 Nc6 5. Bb5 dxe5 6. Nf3 Nf6 7. Bxc6+ bxc6 8. Qxe5 e6 9. O-O Bd6 10. Qe2 O-O 11. c4 c5 12. Rd1 cxd4 13. Nxd4 Bb7 14.
Nc3 Qe7 15. Bg5 c5 16. Nf3 h6 17. Bxf6 gxf6 18. Ne4 Bf4 19. Rd7 1-0

[Event "Late-Titled-Tuesday-Blitz-May-14-2024"]
[Site "Chess.com"]
[Date "2024.05.14"]
[Round "7"]
[White "Balla_Tamas"]
[Black "Anton_Demchenko"]
[Result "0-1"]
[WhiteElo "2535"]
[BlackElo "2850"]
[TimeControl "180+1"]
[EndTime "15:14:00 PDT"]
[Termination "Anton_Demchenko won by resignation"]

1. Nf3 Nf6 2. b3 a5 3. a3 c5 4. e3 a4 5. b4 e6 6. Bb2 cxb4 7. axb4 Bxb4 8. Bb5 O-O 9. O-O Nc6 10. Bxa4 b6 11.
Nc3 Bb7 12. d4 Ra5 13. Qe2 Qa8 14. e4 Bxc3 15. Bxc6 Bxb2 16. Rxa5 bxa5 17. Bxb7 Qxb7 18. Rb1 a4 19. e5 Ne4 20. c4 a3 21. d5 Nc3 0-1

[Event "Late-Titled-Tuesday-Blitz-May-14-2024"]
[Site "Chess.com"]
[Date "2024.05.14"]
[Round "7"]
[White "gamboajp"]
[Black "marvinguevara"]
[Result "0-1"]
[WhiteElo "2019"]
[BlackElo "2194"]
[TimeControl "180+1"]
[EndTime "15:14:06 PDT"]
[Termination "marvinguevara won by resignation"]

1. c4 e5 2. Nc3 Nf6 3. g3 c6 4.
Nf3 d5 5. cxd5 e4 6. Nd4 cxd5 7. d3 Bc5 8. Nb3 Bb4 9. a3 Bxc3+ 10. bxc3 O-O 11.
Bg2 Qc7 12. Bb2 Nc6 13. O-O Bf5 14. c4 dxc4 15. dxc4 Ne5 16. c5 Rfd8 17. Qc1 Bg4 18. Qf4 Nfd7 19. Bxe4 Bxe2 20. Rfe1 Bc4 21. Nd2 Qxc5 22.
Bxe5 Nxe5 23. Qxe5 Qxe5 24. Bxh7+ Kxh7 25. Rxe5 Rxd2 26.
Rc1 Bd5 27. h4 Bc6 28. h5 Rad8 0-1

[Event "Late-Titled-Tuesday-Blitz-May-14-2024"]
[Site "Chess.com"]
[Date "2024.05.14"]
[Round "7"]
[White "MarkusRagger"]
[Black "Malev212"]
[Result "1-0"]
[WhiteElo "2820"]
[BlackElo "2618"]
[TimeControl "180+1"]
[EndTime "15:14:10 PDT"]
[Termination "MarkusRagger won by resignation"]

1. e4 e5 2. Nf3 Nc6 3. Bb5 a6 4.
Ba4 b5 5. Bb3 Na5 6. O-O d6 7. d4 exd4 8. Nxd4 Bb7 9. Bd2 Nxb3 10.
Nxb3 Nf6 11. Na5 Rb8 12. Nxb7 Rxb7 13. Qf3 Rb8 14. Ba5 Be7 15. Nc3 O-O 16. Rfe1 b4 17. Ne2 Rb5 18. Nd4 1-0

[Event "Late-Titled-Tuesday-Blitz-May-14-2024"]
[Site "Chess.com"]
[Date "2024.05.14"]
[Round "7"]
[White "subham777"]
[Black "VictorFcQNK"]
[Result "1-0"]
[WhiteElo "2542"]
[BlackElo "2152"]
[TimeControl "180+1"]
[EndTime "15:14:10 PDT"]
[Termination "subham777 won by resignation"]

1. e4 e6 2. Nf3 d5 3. Nc3 Nf6 4. e5 Nfd7 5. d4 a6 6. a4 c5 7. dxc5 Bxc5 8. Bd3 Nc6 9. Bf4 h6 10. Bg3 g5 11. h3 Nd4 12. O-O h5 13. Nxd4 Bxd4 14. Qe2 Qc7 15. Rfe1 Bxc3 16. bxc3 Qxc3 17. Rab1 Nc5 18. Qe3 g4 19. Bb5+ 1-0

[Event "Late-Titled-Tuesday-Blitz-May-14-2024"]
[Site "Chess.com"]
[Date "2024.05.14"]
[Round "7"]
[White "CombativeWombat"]
[Black "miraitrunks"]
[Result "1-0"]
[WhiteElo "2340"]
[BlackElo "2231"]
[TimeControl "180+1"]
[EndTime "15:14:12 PDT"]
[Termination "CombativeWombat won by resignation"]

1. e4 e6 2. d4 d5 3. Nd2 dxe4 4. Nxe4 Bd7 5. Nf3 Bc6 6. Bd3 Nf6 7. Nxf6+ gxf6 8. Bf4 Nd7 9. Qe2 Rg8 10. Bg3 h5 11. Nh4 Rg4 12. O-O-O f5 13. Nxf5 Qg5+ 14. Kb1 Bxg2 15. Rhe1 O-O-O 16. Ne3 f5 17. Nxg2 f4 18. h4 Qg8 19. Nxf4 Bd6 20. Nxe6 Re8 21. Bxd6 cxd6 22.
Bf5 Rxh4 23. Qc4+ Kb8 24. Qc7+ Ka8 25. Qxd7 1-0

[Event "Late-Titled-Tuesday-Blitz-May-14-2024"]
[Site "Chess.com"]
[Date "2024.05.14"]
[Round "7"]
[White "volcanoexplorer"]
[Black "Michalczak"]
[Result "1-0"]
[WhiteElo "2714"]
[BlackElo "2507"]
[TimeControl "180+1"]
[EndTime "15:14:16 PDT"]
[Termination "volcanoexplorer won by checkmate"]

1. e4 e5 2. Nf3 Nc6 3. Bc4 Nf6 4.
d3 Bc5 5. O-O O-O 6. c3 a5 7.
Re1 d6 8. Nbd2 Be6 9. a4 h6 10.
Qb3 Bxc4 11. Nxc4 Qb8 12. Be3 Qa7 13. Rad1 Bxe3 14. Nxe3 Rab8 15. Nd5 Nxd5 16. exd5 Ne7 17. d4 f6 18. Qc4 Qb6 19. Rd2 Kh8 20. h3 Ng6 21.
Qd3 Nf4 22. Qf5 g6 23. Qg4 Kh7 24. g3 h5 25. Qd7+ Kh6 26. gxf4 exf4 27. Re7 Rh8 28. Nh4 Qb3 29. Qe6 Rbf8 30. Qe4 f5 31. Qxf4+ g5 32. Nxf5+ Kg6 33. Rg7+ Kf6 34. Qxg5# 1-0

[Event "Late-Titled-Tuesday-Blitz-May-14-2024"]
[Site "Chess.com"]
[Date "2024.05.14"]
[Round "7"]
[White "BabageldiAnnaberdiyev"]
[Black "jaramsdal"]
[Result "1/2-1/2"]
[WhiteElo "2551"]
[BlackElo "2364"]
[TimeControl "180+1"]
[EndTime "15:14:17 PDT"]
[Termination "Game drawn by repetition"]

1. e4 c5 2. Nf3 d6 3. d4 cxd4 4. Nxd4 Nf6 5. Nc3 g6 6. Be3 Bg7 7. f3 O-O 8. Qd2 Nc6 9. Bc4 Bd7 10. O-O-O Rb8 11. Bb3 b5 12. h4 a5 13. h5 a4 14.
Bd5 b4 15. Nce2 Nxd5 16. exd5 Nxd4 17. Bxd4 Bxd4 18. Qxd4 b3 19. axb3 axb3 20. hxg6 fxg6 21. Rxh7 Kxh7 22. Rh1+ Kg8 23. Qh8+ Kf7 24. Qh7+ Kf6 25. Qh4+ Kf7 26. Qh7+ Kf6 27. Qh4+ Kf7 28. Qh7+ 1/2-1/2

[Event "Late-Titled-Tuesday-Blitz-May-14-2024"]
[Site "Chess.com"]
[Date "2024.05.14"]
[Round "7"]
[White "Javadovvv"]
[Black "AccioChess"]
[Result "0-1"]
[WhiteElo "2577"]
[BlackElo "2481"]
[TimeControl "180+1"]
[EndTime "15:14:22 PDT"]
[Termination "AccioChess won by resignation"]

1. d4 Nf6 2. Nf3 g6 3. Bf4 Bg7 4. e3 O-O 5. Be2 d6 6. h3 Nc6 7.
O-O Nd7 8. c4 e5 9. Bh2 f5 10.
Nc3 e4 11. Nd2 Qg5 12. Rc1 Nf6 13. Bf4 Qh4 14. Bg3 Qh6 15. Nb5 g5 16. Nxc7 f4 17. Nxa8 fxg3 18. fxg3 g4 19. Rf4 gxh3 20. Nc7 hxg2 21.
Kf2 Nxd4 22. exd4 Qh2 23. Qg1 Ng4+ 24. Bxg4 Bxd4+ 25. Ke2 Bxg1 26. Rxf8+ Kxf8 27. Bxc8 Bb6 0-1

[Event "Late-Titled-Tuesday-Blitz-May-14-2024"]
[Site "Chess.com"]
[Date "2024.05.14"]
[Round "7"]
[White "GMthekingindian"]
[Black "merinasian"]
[Result "1-0"]
[WhiteElo "2326"]
[BlackElo "2511"]
[TimeControl "180+1"]
[EndTime "15:14:42 PDT"]
[Termination "GMthekingindian won by resignation"]

1. d4 d6 2. Nf3 Nd7 3. g3 g6 4. Bg2 Bg7 5. O-O e5 6. dxe5 dxe5 7. Nc3 Ne7 8. a4 O-O 9. a5 a6 10. Nd2 f5 11. Nc4 e4 12. Bg5 h6 13. Be3 Ne5 14.
Nxe5 Bxe5 15. Bxh6 Re8 16. Bg5 Qxd1 17. Rfxd1 Be6 18.
f3 Bxc3 19. bxc3 Nd5 20. Ra3 e3 21. f4 c6 22. c4 Ne7 23. Rxe3 Kf7 24. Rd4 Red8 25.
c3 Rxd4 26. cxd4 Rd8 27. Bxe7 Kxe7 28. d5 1-0

[Event "Late-Titled-Tuesday-Blitz-May-14-2024"]
[Site "Chess.com"]
[Date "2024.05.14"]
[Round "7"]
[White "cthulhuuu"]
[Black "campochess"]
[Result "1-0"]
[WhiteElo "2475"]
[BlackElo "2123"]
[TimeControl "180+1"]
[EndTime "15:14:43 PDT"]
[Termination "cthulhuuu won by resignation"]

1. e4 c5 2. Nf3 Nc6 3. g3 e6 4. d3 Nf6 5. Bg2 d5 6. Nbd2 dxe4 7. dxe4 e5 8. O-O Be7 9. c3 O-O 10. Qe2 Qc7 11. Nc4 b6 12. Nh4 g6 13. Ne3 Nd8 14.
Nd5 Nxd5 15. exd5 Bd6 16. f4 Re8 17. fxe5 Rxe5 18. Qd1 Ba6 19. Rf2 Re7 20. Bg5 Nb7 21. Bxe7 Bxe7 22. Qa4 Bxh4 23. Qxa6 Bg5 24. d6 Nxd6 25.
Bxa8 Be3 26. Qe2 Nf5 27. Be4 Bxf2+ 28. Qxf2 Nd6 29. Bd5 c4 30. Rf1 a5 31. a4 Kg7 32.
Qd4+ Kg8 33. Rf6 Qe7 34. Rxd6 1-0

[Event "Late-Titled-Tuesday-Blitz-May-14-2024"]
[Site "Chess.com"]
[Date "2024.05.14"]
[Round "7"]
[White "rhungaski"]
[Black "lluiss"]
[Result "1-0"]
[WhiteElo "2546"]
[BlackElo "2236"]
[TimeControl "180+1"]
[EndTime "15:14:47 PDT"]
[Termination "rhungaski won by resignation"]

1. d4 Nf6 2. c4 g6 3. Nc3 d5 4.
Bf4 Bg7 5. e3 O-O 6. cxd5 Nxd5 7. Nxd5 Qxd5 8. Bxc7 Na6 9. Bxa6 Qxg2 10. Qf3 Qxf3 11.
Nxf3 bxa6 12. Rg1 h5 13. Rc1 Bg4 14. Nd2 Rfc8 15. f3 Be6 16. b3 a5 17. Ke2 a4 18.
bxa4 Bxa2 19. Rc5 e6 20. Rgc1 a6 21. Ne4 Bf8 22. Bd6 Rd8 23. Bxf8 Kxf8 24. Rc7 a5 25. Ng5 e5 26. dxe5 Rd5 27. Rxf7+ Kg8 28. Re7 Rad8 29. Ne4 Bb3 30. Rcc7 1-0

[Event "Late-Titled-Tuesday-Blitz-May-14-2024"]
[Site "Chess.com"]
[Date "2024.05.14"]
[Round "7"]
[White "tarno17"]
[Black "balack95"]
[Result "0-1"]
[WhiteElo "2215"]
[BlackElo "2486"]
[TimeControl "180+1"]
[EndTime "15:14:47 PDT"]
[Termination "balack95 won by checkmate"]

1. e4 c5 2. Nf3 Nc6 3. Bb5 Nd4 4. Bc4 e6 5. O-O Nc6 6. c3 Nf6 7. e5 Nd5 8. Bxd5 exd5 9. d4 cxd4 10. cxd4 d6 11. Re1 dxe5 12. Nxe5 Nxe5 13. Rxe5+ Be6 14.
Bg5 Qd7 15. Qe2 Bd6 16. Re3 O-O 17. Nc3 a6 18. Re1 b5 19. Qf3 b4 20. Ne2 Bg4 21.
Re7 Bxe7 22. Qe3 Bxg5 23. Qxg5 Rae8 24. f3 Bf5 25. Kf2 Bd3 26. Nf4 Rxe1 27. Kxe1 Re8+ 28.
Kf2 Qf5 29. Qg3 Bb5 30. h4 Qb1 31. Nxd5 Qe1# 0-1

[Event "Late-Titled-Tuesday-Blitz-May-14-2024"]
[Site "Chess.com"]
[Date "2024.05.14"]
[Round "7"]
[White "Redzishchess"]
[Black "MKlose11"]
[Result "0-1"]
[WhiteElo "2494"]
[BlackElo "2625"]
[TimeControl "180+1"]
[EndTime "15:14:50 PDT"]
[Termination "MKlose11 won on time"]

1. d4 Nf6 2. c4 c5 3. d5 b5 4. Nf3 bxc4 5. Nc3 d6 6. e4 g6 7.
Bxc4 Bg7 8. O-O O-O 9. Qe2 Bg4 10. Bf4 Nfd7 11. h3 Bxf3 12. Qxf3 Ne5 13. Bxe5 Bxe5 14. Rab1 Nd7 15. Ne2 Bg7 16. Rfc1 Qa5 17. a3 Rab8 18.
Rc2 Ne5 19. Qc3 Qxc3 20. Rxc3 Nxc4 21. Rxc4 Bxb2 22. Rc2 Bxa3 23. Ra1 Rb3 24. Rca2 Bb4 25. Rxa7 Rb2 26. Nc1 Bc3 27. Na2 Bd4 28. Rc1 Rxf2 29. Kh2 Rb8 30. Nc3 Rbb2 0-1

[Event "Late-Titled-Tuesday-Blitz-May-14-2024"]
[Site "Chess.com"]
[Date "2024.05.14"]
[Round "7"]
[White "hsd2016"]
[Black "1g60-1"]
[Result "0-1"]
[WhiteElo "2306"]
[BlackElo "2419"]
[TimeControl "180+1"]
[EndTime "15:14:50 PDT"]
[Termination "1g60-1 won by resignation"]

1. e4 e6 2. d4 d5 3. Nd2 Nf6 4. e5 Nfd7 5. f4 c5 6. c3 Nc6 7. Ndf3 a5 8. a3 a4 9. Bd3 cxd4 10.
cxd4 Nb6 11. Ne2 Bd7 12. O-O Na5 13. f5 exf5 14. Nf4 Be6 15. Ng5 Qd7 16. Qh5 g6 17. Qh3 O-O-O 18. Ngxe6 fxe6 19. Nxg6 Rg8 20. Nxf8 Rdxf8 21. Bd2 Nb3 22. Bb4 Rf7 23. Rad1 Nc4 24. Bxc4 dxc4 25.
Rf2 Qd5 26. Rc2 Rfg7 27. g3 Nxd4 28. Rdd2 Nf3+ 0-1

[Event "Late-Titled-Tuesday-Blitz-May-14-2024"]
[Site "Chess.com"]
[Date "2024.05.14"]
[Round "7"]
[White "PhileKhoob"]
[Black "cukricek"]
[Result "0-1"]
[WhiteElo "2332"]
[BlackElo "2446"]
[TimeControl "180+1"]
[EndTime "15:14:53 PDT"]
[Termination "cukricek won by resignation"]

1. Nf3 c5 2. g3 g6 3. d4 cxd4 4. Nxd4 Bg7 5. Bg2 Nc6 6. Nb3 Nf6 7. O-O O-O 8. Nc3 d6 9. e4 Bg4 10. f3 Be6 11. Be3 Rc8 12. f4 a6 13. Nd5 Bxd5 14.
exd5 Na5 15. Nd4 Nc4 16. Bc1 Qb6 17. c3 Nxb2 18. Qb3 Qxb3 19. axb3 Nd3 20. Bd2 Nc5 21. b4 Nce4 22. Bxe4 Nxe4 23. Be1 Nxc3 24. Bxc3 Rxc3 25. Rfd1 0-1

[Event "Late-Titled-Tuesday-Blitz-May-14-2024"]
[Site "Chess.com"]
[Date "2024.05.14"]
[Round "7"]
[White "SHIVACalypso"]
[Black "schondeln"]
[Result "1-0"]
[WhiteElo "2549"]
[BlackElo "2356"]
[TimeControl "180+1"]
[EndTime "15:14:54 PDT"]
[Termination "SHIVACalypso won by resignation"]

1. Nf3 d5 2. c4 c6 3. g3 Nf6 4.
Bg2 Bf5 5. O-O e6 6. d3 Nbd7 7. Nbd2 h6 8. Rb1 Be7 9. b4 O-O 10.
a4 Re8 11. b5 Bh7 12. bxc6 bxc6 13. Nd4 Qc7 14. cxd5 cxd5 15. Nb5 Qa5 16. Nb3 Qb6 17. Be3 Qd8 18. Bxa7 Nb6 19. a5 Nc8 20. Bd4 Bb4 21. Bc3 Bxc3 22. Nxc3 Nd6 23. Na4 Nd7 24.
Qd2 Ra7 25. Rfc1 Qa8 26. Nb6 Nxb6 27. axb6 Ra2 28. Qb4 Nf5 29. b7 Qb8 30. Nc5 Rxe2 31. Nd7 Qa7 32. Qb6 Qxb7 33. Qxb7 1-0

[Event "Late-Titled-Tuesday-Blitz-May-14-2024"]
[Site "Chess.com"]
[Date "2024.05.14"]
[Round "7"]
[White "TanitoluwaAps116"]
[Black "becemix"]
[Result "1-0"]
[WhiteElo "2741"]
[BlackElo "2593"]
[TimeControl "180+1"]
[EndTime "15:15:12 PDT"]
[Termination "TanitoluwaAps116 won by resignation"]

1. e4 e5 2. Nf3 Nc6 3. Bc4 Bc5 4. d3 Nf6 5. O-O O-O 6. h3 d5 7. exd5 Nxd5 8. Re1 Nb6 9. Bb3 Bd6 10. Nbd2 Kh8 11. Ne4 f6 12. Nh4 Qe8 13. f4 Nd4 14. fxe5 Qxe5 15.
Nxd6 Qxd6 16. Qh5 Nxb3 17. Ng6+ Kg8 18. Ne7+ Kh8 19. Ng6+ Kg8 20. Nxf8 Qc5+ 21. Qxc5 Nxc5 22. Be3 Nxd3 23. cxd3 Kxf8 24. Bc5+ Kf7 25. Re7+ Kg6 26. Bxb6 cxb6 27. Re8 Kf7 28. Rae1 1-0